 Dungeon Crawl Stone Soup version 0.29-a0-362-g5854e031c7 (webtiles) character file.

Game seed: 15696834732053816026

21889 Hubjo the Summoner (level 12, -5/103 HPs)
             Began as a Yellow Draconian Fire Elementalist on Apr 28, 2022.
             Was a High Priest of Dithmenos.
             Killed from afar by a fire dragon (21 damage)
             ... with a blast of flame
             ... on level 12 of the Dungeon on Apr 29, 2022.
             The game lasted 01:12:25 (22564 turns).

Hubjo the Summoner (DrFE)                          Turns: 22564, Time: 01:12:25

Health: -5/103     AC: 18    Str: 11    XL:     12   Next: 58%
Magic:  21/21      EV: 12    Int: 18    God:    Dithmenos [*****.]
Gold:   759        SH:  0    Dex: 14    Spells: 9/23 levels left

rFire   . . .      SeeInvis +   z - +8 mace of Evolution {drain, Will+}
rCold   . . .      Faith    .   (no shield)
rNeg    . . .      Spirit   .   (body armour unavailable)
rPois   .          Reflect  .   S - +0 hat {Stlth+}
rElec   .          Harm     .   A - +2 cloak
rCorr   +          Rampage  .   y - +2 pair of gloves
Will    +....                   (no boots)
Stlth   +++++++...              (no amulet)
HPRegen 0.27/turn               r - ring of see invisible
MPRegen 0.17/turn               p - +4 ring of protection

@: about to teleport, wreathed by umbra
A: spit acid, AC +8, unfitting armour, cold-blooded, acid resistance, fangs 1,
mutation resistance 1
a: Breathe Acid, Renounce Religion, Shadow Step, Shadow Form


You were on level 12 of the Dungeon.
You worshipped Dithmenos.
Dithmenos was extremely pleased with you.
You visited 1 branch of the dungeon, and saw 12 of its levels.

You collected 913 gold pieces.
You spent 154 gold pieces at shops.

Inventory:

Hand Weapons
 h - a +2 quarterstaff of chaos
 i - a +2 dagger of electrocution
 k - a +1 short sword of speed
 m - a +4 dagger
 o - a +2 flail of protection
 x - a +2 dagger of draining
 z - the +8 mace of Evolution (weapon) {drain, Will+}
   (You found it on level 4 of the Dungeon)

   A truly terrible weapon, it drains the life of any living foe it strikes.
   Will:      It increases your willpower.
 D - a +5 spear of flaming
 F - a +2 whip of distortion
 J - a +4 trident of flaming
Missiles
 c - 434 stones
 l - 58 poisoned darts
 N - 2 throwing nets
Armour
 u - a +1 helmet
 w - a +0 cloak of willpower
 y - a +2 pair of gloves (worn)
 A - a +2 cloak (worn)
 I - +0 steam dragon scales
 O - a +0 pair of gloves
 S - a +0 hat of stealth (worn)
Jewellery
 g - a ring of ice
 p - a +4 ring of protection (right hand)
 r - a ring of see invisible (left hand)
 C - a +6 ring of intelligence
 M - a ring of poison resistance
 P - a ring of protection from fire
Wands
 B - a wand of iceblast (14)
 G - a wand of paralysis (8)
 H - a wand of polymorph (8)
Scrolls
 a - 2 scrolls of fog
 b - 2 scrolls of magic mapping
 j - 5 scrolls of teleportation
 q - 2 scrolls of vulnerability
 K - a scroll of identify
 R - 2 scrolls of enchant weapon
Potions
 d - a potion of cancellation
 e - 2 potions of lignification
 n - 4 potions of brilliance
 s - a potion of curing
 t - 2 potions of flight
 v - 2 potions of degeneration
 E - 3 potions of might
 T - 2 potions of magic
Miscellaneous
 Q - a phial of floods (inert)


   Skills:
 - Level 8.8 Fighting
 - Level 1.7 Dodging
 - Level 8.3 Stealth
 - Level 6.4 Spellcasting
 - Level 1.0 Conjurations
 * Level 13.4 Summonings
 - Level 10.4 Fire Magic


You had 9 spell levels left.
You knew the following spells:

 Your Spells              Type           Power      Damage    Failure   Level
a - Foxfire               Conj/Fire      100%       2x1d9     1%          1
b - Flame Wave            Conj/Fire      26%        2d7       11%         4
c - Dragon's Call         Summ           26%        N/A       100%        9

Your spell library contained the following spells:

 Spells                   Type           Power      Damage    Failure   Level
 Summon Small Mammal      Summ           100%       N/A       1%          1
 Scorch                   Fire           86%        2d9       1%          2
 Conjure Flame            Conj/Fire      26%        6-21      3%          3
 Inner Flame              Hex/Fire       24%        N/A       4%          3
 Summon Lightning Spire   Summ/Air       30%        N/A       7%          4
 Animate Skeleton         Necr           10%        N/A       12%         1
 Apportation              Tloc           10%        N/A       12%         1
 Sublimation of Blood     Necr           5%         N/A       17%         2
 Airstrike                Air            2%         N/A       75%         4
 Cause Fear               Hex            2%         N/A       75%         4
 Petrify                  Tmut/Erth      5%         N/A       75%         4
 Irradiate                Conj/Tmut      3%         3d14      95%         5
 Lightning Bolt           Conj/Air       3%         1d15      95%         5
 Alistair's Intoxication  Tmut/Pois      3%         N/A       97%         5
 Dragon Form              Tmut           2%         N/A       100%        7


Dungeon Overview and Level Annotations

Branches:
Dungeon (12/15)            Temple (0/1) D:5            Lair (0/6) D:8
    Orc (0/2) D:10

Altars:
Cheibriados
Dithmenos
Elyvilon
Fedhas
Gozag
Kikubaaqudgha
Makhleb
Okawaru
Sif Muna
Uskayaw
Vehumet
Wu Jian
Xom
Yredelemnul
Zin
The Shining One

Shops:
D:7 *   D:11 !

Annotations:
D:11 Josephine


Innate Abilities, Weirdness & Mutations

You can spit globs of acid.
Your golden yellow scales are hard. (AC +8)
You cannot fit into any form of body armour.
You are cold-blooded and may be slowed by cold attacks.
You are resistant to acid. (rCorr)
You have very sharp teeth.
You are somewhat resistant to further mutation.


Message History

Press: ? - help, Shift-Dir - straight line, f - fire dragon
Aim: a fire dragon (catching its breath, umbra)
The torrent of water hits the fire dragon!
The fire dragon is lightly wounded.
The wave splashes down.
The fire dragon is engulfed in water.
You hear a shout! x4
You barely miss the fire dragon. Your bite misses the fire dragon.
The fire dragon is lightly wounded.
The fire dragon bites you!
The fire dragon claws you but does no damage.
The fire dragon tramples you but does no damage.
The fire dragon bites you! The fire dragon barely misses you.
The fire dragon tramples you but does no damage.
You are confused.
You feel invigorated.
The fire dragon bites you but does no damage.
The fire dragon claws you but does no damage.
The fire dragon tramples you.
You are shoved backwards!
You are too confused!
The fire dragon breathes flames at you. The blast of flame hits you!!!
* * * LOW HITPOINT WARNING * * *
You emit a cloud of dark smoke.
The fire dragon closely misses you. The fire dragon claws you!
* * * LOW HITPOINT WARNING * * *
The fire dragon closely misses you.
You feel better.
You feel less invigorated.
The fire dragon bites you but does no damage.
The fire dragon claws you but does no damage.
The fire dragon closely misses you.
As you read the scroll of teleportation, it crumbles to dust.
You feel strangely unstable.
The fire dragon is no longer waterlogged.
The fire dragon bites you.
* * * LOW HITPOINT WARNING * * *
The fire dragon barely misses you.
The fire dragon tramples you but does no damage.
The fire dragon breathes flames at you. The blast of flame hits you!!
You die...

####'####..#.#...##.## #.# #.
...........#.#.#.#...# #)# #.
...........#####'#########'######
..................≈..##.......##
###....##........≈...#.#.....#.#
..#....##............#..#...#..#
..#....##......##§D§§#...#.#...##
..#....##......##§§§§'....#....'#
..#...........§§@§§.§#...#.#...#.
..#....##......§§§§§.#..#...#..#.
###....##.....§......#.#.....#.#
.<.....##......#####.##.......##
.......##.....<#.....#####'####
...............'...#.# ....
......)........#.....# ##.##.
.##....##......#.....# ..$ .#
###....##..>...#.....# $.. #


You could see a fire dragon (catching breath).

Vanquished Creatures
  Gastronok (D:10)
  Snorg (D:11)
  A hydra (D:11)
  A boulder beetle (D:12)
  A catoblepas (D:11)
  5 two-headed ogres
  Pikel (D:4)
  2 cyclopes
  2 manticores (D:11)
  A faun (shapeshifter) (D:12)
  3 gargoyles
  2 unseen horrors
  2 trolls
  A hornet (D:11)
  A slime creature (D:11)
  2 shadows (D:12)
  2 wyverns
  12 yaks
  8 wraiths
  2 steam dragons
  2 vampire mosquitoes (D:11)
  4 acid dragons
  A water moccasin (D:7)
  9 orc warriors
  A black bear (D:7)
  An ice beast (D:7)
  A sky beast (D:7)
  An ogre (shapeshifter) (D:12)
  6 ogres
  14 centaurs
  7 kobold brigands
  A phantom (D:3)
  5 bullfrogs
  5 gnoll sergeants
  2 scorpions
  2 necrophages
  2 killer bees (D:4)
  6 howler monkeys
  2 gnoll shamans
  A jelly (D:4)
  Crazy Yiuf (D:4)
  2 orc priests
  3 iguanas
  Ijyb (D:4)
  4 orc wizards
  27 gnolls
  6 adders
  3 shadow imps
  A white imp (D:4)
  An ufetubus (D:6)
  A worm (D:2)
  5 dart slugs
  35 orcs
  3 endoplasms
  4 giant cockroaches
  12 goblins
  6 hobgoblins
  4 jackals (D:2)
  3 quokkas
  8 ball pythons
  4 bats
  2 frilled lizards
  23 kobolds
  6 rats (D:1)
289 creatures vanquished.

Vanquished Creatures (collateral kills)
  2 wraiths (D:11)
  5 yaks (D:9)
7 creatures vanquished.

Vanquished Creatures (others)
  1182 foxfires
1182 creatures vanquished.

Grand Total: 1478 creatures vanquished

Notes
Turn   | Place    | Note
-------+----------+-------------------------------------------
     0 | D:1      | Hubjo the Draconian Fire Elementalist began the quest for
                  | the Orb.
     0 | D:1      | Reached XP level 1. HP: 14/14 MP: 3/3
   535 | D:1      | Reached XP level 2. HP: 22/22 MP: 0/5
  1458 | D:1      | Reached skill level 1 in Fighting
  1712 | D:2      | Found a faded altar of an unknown god.
  1722 | D:2      | Prayed at the altar of an unknown god.
  1722 | D:2      | Became a worshipper of Dithmenos the Shadowed
  1722 | D:2      | Reached * piety under Dithmenos
  1977 | D:2      | Reached XP level 3. HP: 27/28 MP: 1/6
  3763 | D:2      | Reached XP level 4. HP: 28/36 MP: 1/7
  3893 | D:3      | Found a shimmering altar of Xom.
  4782 | D:3      | Noticed a phantom
  4784 | D:3      | Reached ** piety under Dithmenos
  4792 | D:3      | Killed a phantom
  4793 | D:3      | Reached XP level 5. HP: 32/42 MP: 8/8
  5230 | D:3      | Found an opulent altar of Gozag.
  5708 | D:4      | Noticed an ogre
  5723 | D:4      | Killed an ogre
  5724 | D:4      | Reached skill level 5 in Fire Magic
  5779 | D:4      | Identified the +8 mace of Evolution {drain, Will+}
  5785 | D:4      | Found a runed translucent door.
  5786 | D:4      | Noticed Crazy Yiuf
  5802 | D:4      | Killed Crazy Yiuf
  5803 | D:4      | Reached XP level 6. HP: 21/51 MP: 4/9
  6177 | D:4      | Noticed Pikel
  6195 | D:4      | Killed Pikel
  6196 | D:4      | Your scales start taking on a golden yellow colour.
  6196 | D:4      | Reached XP level 7. HP: 49/60 MP: 3/10
  6196 | D:4      | Gained mutation: You are resistant to acid. (rCorr) [Yellow
                  | Draconian growth]
  6344 | D:4      | Noticed Ijyb
  6352 | D:4      | Killed Ijyb
  6572 | D:4      | Reached XP level 8. HP: 61/67 MP: 11/11
  6702 | D:4      | Learned a level 4 spell: Flame Wave
  6784 | D:5      | Entered Level 5 of the Dungeon
  6939 | D:5      | Reached skill level 5 in Fighting
  6939 | D:5      | Reached skill level 5 in Stealth
  7394 | D:5      | Found a staircase to the Ecumenical Temple.
  7959 | D:6      | Found a glowing golden altar of the Shining One.
  8179 | D:7      | Reached *** piety under Dithmenos
  8464 | D:7      | Reached XP level 9. HP: 46/75 MP: 4/14
  9691 | D:7      | Found a glowing silver altar of Zin.
  9691 | D:7      | Found a hide-covered altar of Uskayaw.
  9737 | D:7      | Found Foul's Overcharged Wands.
 10832 | D:8      | Found a staircase to the Lair.
 10983 | D:8      | Noticed a two-headed ogre
 10992 | D:8      | Killed a two-headed ogre
 10993 | D:8      | Reached skill level 5 in Spellcasting
 10993 | D:8      | Reached XP level 10. HP: 54/86 MP: 17/17
 11203 | D:8      | Found a basalt altar of Yredelemnul.
 11244 | D:8      | Found an iron altar of Okawaru.
 11258 | D:8      | Reached **** piety under Dithmenos
 11758 | D:9      | Found a white marble altar of Elyvilon.
 11765 | D:9      | Noticed a two-headed ogre
 11775 | D:9      | Killed a two-headed ogre
 11920 | D:9      | Noticed a two-headed ogre
 11927 | D:9      | Killed a two-headed ogre
 11928 | D:9      | Reached skill level 10 in Fire Magic
 12443 | D:9      | You fall into a shaft and drop 2 floors!
 12443 | D:11     | Found Zufoer's Distillery.
 12466 | D:11     | Noticed a catoblepas
 12467 | D:11     | Noticed a manticore
 12471 | D:10     | Entered Level 10 of the Dungeon
 12649 | D:9      | Found a shadowy altar of Dithmenos.
 12674 | D:9      | Found a snail-covered altar of Cheibriados.
 12785 | D:9      | Found a shimmering blue altar of Sif Muna.
 13176 | D:10     | Noticed Gastronok
 13533 | D:9      | Learned a level 9 spell: Dragon's Call
 13533 | D:9      | Gained mutation: You are somewhat resistant to further
                  | mutation. [potion of mutation]
 13533 | D:9      | Gained mutation: You have very sharp teeth. [potion of
                  | mutation]
 14020 | D:10     | Found an ancient bone altar of Kikubaaqudgha.
 14073 | D:10     | Reached skill level 2 in Summonings
 14087 | D:10     | Found a staircase to the Orcish Mines.
 14376 | D:10     | Reached skill level 3 in Summonings
 14415 | D:10     | Reached XP level 11. HP: 86/95 MP: 20/20
 14434 | D:10     | Reached skill level 4 in Summonings
 14687 | D:10     | Found a radiant altar of Vehumet.
 14745 | D:10     | Killed Gastronok
 14746 | D:10     | Reached skill level 6 in Summonings
 14891 | D:10     | Found a blossoming altar of Fedhas.
 14923 | D:10     | Found an ornate altar of the Wu Jian Council.
 14945 | D:10     | Found a burning altar of Makhleb.
 15045 | D:10     | Upgraded the game from 0.29-a0-360-g8ed1089bbe to
                  | 0.29-a0-362-g5854e031c7
 15153 | D:11     | Noticed a six-headed hydra
 15161 | D:11     | Killed a six-headed hydra
 15238 | D:11     | Reached skill level 7 in Summonings
 15731 | D:11     | HP: 3/95 [yak (11)]
 15737 | D:11     | Noticed Josephine
 15744 | D:11     | Reached skill level 8 in Summonings
 16310 | D:11     | Reached skill level 9 in Summonings
 16709 | D:11     | Noticed Snorg
 16715 | D:11     | Killed Snorg
 16785 | D:11     | Reached skill level 10 in Summonings
 17521 | D:11     | Killed a catoblepas
 17887 | D:11     | Reached XP level 12. HP: 13/103 MP: 17/21
 18287 | D:11     | Bought a potion of ambrosia for 112 gold pieces
 18287 | D:11     | Bought a potion of curing for 42 gold pieces
 18435 | D:12     | Reached skill level 11 in Summonings
 18559 | D:12     | Noticed a two-headed ogre
 18570 | D:12     | Killed a two-headed ogre
 19426 | D:11     | Reached skill level 12 in Summonings
 21345 | D:12     | Noticed a boulder beetle
 21550 | D:12     | Killed a boulder beetle
 21781 | D:12     | Noticed a two-headed ogre
 21793 | D:12     | Killed a two-headed ogre
 21794 | D:12     | Reached skill level 13 in Summonings
 22453 | D:12     | Noticed a fire dragon
 22482 | D:12     | Reached ***** piety under Dithmenos
 22561 | D:12     | HP: 5/103 [fire dragon (7)]
 22564 | D:12     | Killed from afar by a fire dragon

Illustrated notes

Levels and vault maps discovered:
D:1:      dpeg_arrival_pits, layout_basic, grunt_decor_mini_mirrors,
          minmay_misc_feat_tiny, minmay_tripent
D:2:      layout_basic, ebering_ecumenical_altar_ruins,
          hangedman_decor_clover_reticule
D:3:      layout_basic, grunt_gozag_breadcrumbs, mainiacjoe_overflow_boulevard
D:4:      layout_rooms, uniq_crazy_yiuf_cottage, uniq_ijyb, uniq_pikel
D:5:      layout_loops_ring, minmay_temple_entry_proselytizer
D:6:      layout_rooms, kennysheep_mini
D:7:      nicolae_cairo_tiling_large, layout_loops_corners,
          gammafunk_temple_overflow_statue, nicolae_shop_overcharged_wands
D:8:      layout_loops_ring, nicolae_overflow_hidden_temple,
          okawaru_altar_gauntlet_db, lair_entry_dummy
D:9:      layout_irregular_city, elyvilon_altar_1,
          mainiacjoe_overflow_small_starburst, cheibriados_altar_1,
          mainiacjoe_overflow_cross_hatched
D:10:     layout_gridville, nicolae_vehumet_altar_sigil,
          nicolae_overflow_quartered_altars,
          kennysheep_orc_monster_closet_entryway, uniq_gastronok
D:11:     nzn_motion_control, layout_basic, serial_shops, nicolae_shop_crystal,
          uniq_snorg, uniq_josephine
D:12:     minmay_the_grid_net [minmay_the_grid_mess,
          minmay_the_grid_minigrid_medium, minmay_the_grid_dragon_b,
          minmay_the_grid_outer_circle, minmay_the_grid_x,
          minmay_the_grid_prize_four_corners], layout_stronghold

Skill      XL: |  1  2  3  4  5  6  7  8  9 10 11 12 |
---------------+-------------------------------------+-----
Stealth        | 2 3 4 5 7 8 |  8.3
Fighting       | 1 2 3 4 6 7 8 |  8.8
Fire Magic     | 4 5 6 7 8 9 10 | 10.4
Spellcasting   | 3 5 6 |  6.4
Summonings     | 3 10 13 | 13.4
Dodging        | |  1.7
Conjurations   | |  1.0

Action                   |  1- 3 |  4- 6 |  7- 9 | 10-12 || total
-------------------------+-------+-------+-------+-------++-------
Melee: Dagger            |    20 |    17 |       |       ||    37
       Tailslap          |     4 |     4 |    16 |    82 ||   106
       Mace              |       |     1 |   166 |   417 ||   584
       Quarterstaff      |       |    10 |       |       ||    10
       Punch             |       |       |     3 |     6 ||     9
       Bite              |       |       |       |    70 ||    70
 Cast: Foxfire           |   117 |    83 |   148 |   353 ||   701
       Flame Wave        |       |       |     1 |     4 ||     5
Invok: Shadow Step       |       |     1 |       |       ||     1
 Abil: Breathe Acid      |       |       |     1 |     4 ||     5
Evoke: Phial of floods   |       |       |       |     2 ||     2
       Wand              |       |       |       |     1 ||     1
  Use: Scroll            |     3 |     3 |     8 |    17 ||    31
       Potion            |     1 |     5 |     1 |    20 ||    27
 Stab: Sleeping          |       |       |     9 |     5 ||    14
Armor: Skin              |    15 |    35 |    88 |   372 ||   510
Dodge: Dodged            |    51 |    55 |   165 |   583 ||   854

Table legend: (Time is in decaauts)
 A = Elapsed time spent in this place.
 B = Non-inter-level travel time spent in this place.
 C = Inter-level travel time spent in this place.
 D = Time resting spent in this place.
 E = Time spent auto-exploring this place.
 F = Levels seen in this place.
 G = Mean time per level.
                   A        B        C        D        E       F      G
               +--------+--------+--------+--------+--------+-----+--------+
         Total |  22870 |  21805 |   1065 |   3872 |  14143 |  12 | 1905.8 |
       Dungeon |  22870 |  21805 |   1065 |   3872 |  14143 |  12 | 1905.8 |
               +--------+--------+--------+--------+--------+-----+--------+

Top non-repeatable levels by time:
    D:11: 3946 daAuts
    D:12: 3143 daAuts
     D:2: 2596 daAuts
     D:9: 2151 daAuts
    D:10: 2047 daAuts
     D:7: 2038 daAuts
     D:1: 1660 daAuts
     D:3: 1308 daAuts
     D:4: 1220 daAuts
     D:8: 1079 daAuts
     D:5: 966 daAuts
     D:6: 709 daAuts
